Cogmind - Beta 13 @@@ ROGUE MODE // 2024.06.02 @ 22:01:38 Player: Dewgzzz Result: Destroyed by G-34 Mercenary with Small Laser Performance ------------- Evolutions (1) 500 Regions Visited (3) 600 Robots Destroyed (18) 90 Value Destroyed (532) 532 Prototype IDs (0) 0 Alien Tech Used (0) 0 Bonus (0) 0 TOTAL SCORE: 1722 Bonus ------- None Cogmind --------- Core Integrity 0/400 Matter 300/300 Energy 97/100 System Corruption 0% Temperature Cool (6) Movement Core (50) Location -9/Materials Parts ------- > --- POWER (2) -------- (None) > --- PROPULSION (3) --- (None) > --- UTILITY (2) ------ (None) > --- WEAPON (2) ------- Small Laser > --- INVENTORY (5) ---- Medium Storage Unit Particle Gun Plasma Cutter Peak State ------------ > --- POWER ------------ Light Ion Engine Improved Ion Engine > --- PROPULSION ------- Light Treads Wheel Wheel > --- UTILITY ---------- Heat Sink Light Armor Plating > --- WEAPON ----------- Small Laser Beam Cannon > --- INVENTORY -------- Particle Gun Heavy Assault Rifle Plasma Cutter [Rating: 10] Favorites ----------- Power Light Ion Engine Engine Light Ion Engine Propulsion Light Treads Treads Light Treads Leg Aluminum Leg Wheel Wheel Hover Unit Hover Unit Flight Unit Flight Unit Utility Heat Sink Device Heat Sink Protection Light Armor Plating Weapon Small Laser Energy Gun Small Laser Energy Cannon Beam Cannon Ballistic Gun Light Assault Rifle Special Weapon Mining Laser Build | -11 -10 -10 -9 ------- Run | Yrd Mat Min Mat Slots Evolved 2 | . . . 2 Power 1 | . . . 1 Propulsion 1 | . . . 1 Utility . | . . . . Weapon . | . . . . Parts Attached 29 | 5 9 . 15 Power 4 | 1 1 . 2 Engine 4 | 1 1 . 2 Core . | . . . . Reactor . | . . . . Propulsion 14 | 2 6 . 6 Treads 3 | . . . 3 Leg 3 | 2 . . 1 Wheel 2 | . . . 2 Hover 3 | . 3 . . Flight 3 | . 3 . . Utility 4 | . 1 . 3 Device 3 | . 1 . 2 Storage . | . . . . Processor . | . . . . Hackware . | . . . . Protection 1 | . . . 1 Artifact . | . . . . Weapon 7 | 2 1 . 4 Energy Gun 3 | 1 1 . 1 Energy Cannon 1 | . . . 1 Ballistic Gun 2 | 1 . . 1 Ballistic Cannon . | . . . . Launcher . | . . . . Special Weapon 1 | . . . 1 Impact Weapon . | . . . . Slashing Weapon . | . . . . Piercing Weapon . | . . . . Special Melee Weapon . | . . . . Unidentified Prototypes . | . . . . Parts Lost 16 | . 2 . 14 Power 4 | . 1 . 3 Propulsion 5 | . 1 . 4 Utility 3 | . . . 3 Weapon 4 | . . . 4 Highest Loss Streak 7 | . 1 . 7 To Critical Strikes . | . . . . Average Slot Usage (%) 72 | . 75 85 70 Engine 14 | . 13 14 16 Treads 7 | . . . 13 Leg 3 | . 9 . . Hover 3 | . 8 . . Flight 6 | . 9 28 2 Device 8 | . 7 14 8 Protection 4 | . . . 7 Energy Gun 11 | . 14 14 9 Energy Cannon 4 | . . . 8 Ballistic Gun 6 | . 14 14 . Naked Turns 1 | . . . 1 Heaviest Build 18 | 6 7 6 18 Greatest Support 40 | 20 20 8 40 Greatest Overweight (x) 4 | . . . 4 Average Overweight (x) . | . . . . Largest Inventory Capacity 5 | 5 5 5 5 Average Capacity 5 | 5 5 5 5 Most Carried 5 | 4 5 5 5 Average Carried 3 | 2 3 5 3 Final Capacity 5 | 5 5 5 5 Final Carried 5 | 3 5 5 3 Class Distribution -------------------- 50% | Scavenger-Mutant 49% | Mutant Dominant Class ---------------- Mutant | -10/Materials Scavenger-Mutant | -10/Mines Scavenger-Mutant | -9/Materials Resources | -11 -10 -10 -9 ----------- Run | Yrd Mat Min Mat Matter Collected 474 | 251 100 . 123 Remotely . | . . . . Salvage Created 587 | 30 190 . 367 Parts 43 | 3 17 . 23 Haulers Intercepted . | . . . . Recyclers Shooed 1 | . 1 . . Parts Field Recycled . | . . . . Retrieved Matter . | . . . . Parts Self-Destructed . | . . . . Prevented . | . . . . Kills | -11 -10 -10 -9 ------- Run | Yrd Mat Min Mat Combat Hostiles Destroyed 15 | 1 6 . 8 Guns 9 | 1 6 . 2 Cannons 5 | . . . 5 Classes Destroyed 4 | 1 2 . 1 Watcher 3 | . 1 . 2 Swarmer 3 | . 3 . . Grunt 9 | 1 3 . 5 Sentry 3 | . . . 3 Best Kill Streak 5 | 1 3 . 5 Combat Bots Only 5 | 1 3 . 5 Max Kills in Single Turn 1 | 1 1 . 1 Gunslinging . | . . . . Exploded . | . . . . Melee . | . . . . Uniques/NPCs Destroyed . | . . . . Combat | -11 -10 -10 -9 -------- Run | Yrd Mat Min Mat Hostile Shots Fired 159 | 1 41 . 117 Missed 34 | . 12 . 22 Damage Taken 1551 | 11 278 . 1262 Core 474 | 11 62 . 401 Absorbed by Shields . | . . . . Core Remaining (%) 82 | 95 . 70 . Volleys Fired 64 | 1 20 . 43 Largest 2 | 2 2 . 2 Hottest 140 | 70 70 . 140 Shots Fired 112 | 2 40 . 70 Gun 81 | 2 40 . 39 Cannon 27 | . . . 27 Launcher . | . . . . Special 4 | . . . 4 Kinetic 29 | 1 20 . 8 Thermal 83 | 1 20 . 62 Explosive . | . . . . Electromagnetic . | . . . . Robot Hit Streak 14 | 2 8 . 14 Robot Miss Streak 4 | . 2 . 4 Penetration Max . | . . . . Secondary Targets 2 | . 2 . . Max Gunslinging Chain 1 | . 1 . . Shots Hit Robots 79 | 2 28 . 49 Core Hits 35 | 2 14 . 19 Critical Kills . | . . . . Critical Parts Destroyed . | . . . . Critical Strikes . | . . . . Melee Attacks . | . . . . Impact . | . . . . Slashing . | . . . . Piercing . | . . . . Sneak Attacks . | . . . . Combat Hostiles . | . . . . Follow-up Attacks . | . . . . Damage Inflicted 1032 | 21 314 . 697 Guns 616 | 21 314 . 281 Cannons 368 | . . . 368 Explosions . | . . . . Melee . | . . . . Ramming . | . . . . Kinetic 189 | 9 132 . 48 Thermal 843 | 12 182 . 649 Explosive . | . . . . Electromagnetic . | . . . . Impact . | . . . . Slashing . | . . . . Piercing . | . . . . Highest Corruption . | . . . . Average Corruption . | . . . . Corruption Purged . | . . . . Corruption Blocked . | . . . . Overload Shots . | . . . . Overflow Damage . | . . . . Projectiles . | . . . . Explosions . | . . . . Melee . | . . . . Knockbacks . | . . . . Impact . | . . . . Kinetic . | . . . . Secondary . | . . . . Self-Inflicted Damage . | . . . . Shots . | . . . . Rammed . | . . . . Targets Rammed . | . . . . Kicked . | . . . . Crushed . | . . . . Highest Temperature 509 | 30 196 . 509 Average Temperature 110 | 18 63 . 131 Received Heat Transfer 657 | 6 90 . 561 Siege Activations . | . . . . Robots Corrupted . | . . . . Combat Hostiles . | . . . . Parts Fried . | . . . . Impact Corruptions . | . . . . Robots Melted 1 | . . . 1 Combat Hostiles 1 | . . . 1 Parts Melted 3 | . 1 . 2 Heat Transferred 1946 | 37 507 . 1402 Parts Sabotaged . | . . . . Parts Stolen . | . . . . Parts Stripped . | . . . . Power Chain Reactions . | . . . . Alert | -11 -10 -10 -9 ------- Run | Yrd Mat Min Mat Peak Influence 274 | 20 165 64 274 Initial 64 | . 13 64 24 Average 102 | 2 70 64 154 Maximum Alert Level 1 | . . . 1 Low Security (%) 83 | 100 100 100 67 Level 1 16 | . . . 32 Level 2 . | . . . . Level 3 . | . . . . Level 4 . | . . . . Level 5 . | . . . . High Security . | . . . . Max Security . | . . . . Squads Dispatched 6 | . 3 . 3 Investigation 3 | . 1 . 2 Extermination . | . . . . Reinforcement 3 | . 2 . 1 Assault . | . . . . Garrison . | . . . . Intercept . | . . . . Searches Triggered . | . . . . Construction Impeded . | . . . . Haulers Reinforced . | . . . . Active Scanning Responses . | . . . . Cargo Convoy Interrupts . | . . . . Stealth | -11 -10 -10 -9 --------- Run | Yrd Mat Min Mat Distress Signals 3 | . . . 3 Communications Jammed . | . . . . Distress Signals . | . . . . Times Spotted 30 | 1 11 . 18 Peak Tracking Total 7 | 1 5 . 7 Tactical Retreats 1 | . . . 1 Traps | -11 -10 -10 -9 ------- Run | Yrd Mat Min Mat Traps Triggered 1 | . 1 . . Indirectly . | . . . . Trap Hack Attempts . | . . . . Triggered . | . . . . Disarmed . | . . . . Reprogrammed . | . . . . Reused . | . . . . Traps Extracted . | . . . . Installed . | . . . . Triggered . | . . . . Machines | -11 -10 -10 -9 ---------- Run | Yrd Mat Min Mat Machines Disabled . | . . . . Max in Single Turn . | . . . . Machines Repaired . | . . . . Machines Dismantled . | . . . . Machines Sabotaged . | . . . . Overloaded Fab Kills . | . . . . Hacking | -11 -10 -10 -9 --------- Run | Yrd Mat Min Mat Machines Accessed 3 | . 1 . 2 Terminals 2 | . 1 . 1 Fabricators . | . . . . Repair Stations . | . . . . Recycling Units 1 | . . . 1 Scanalyzers . | . . . . Garrison Access . | . . . . Total Hacks 11 | . 4 . 7 Successful 3 | . . . 3 Failed 8 | . 4 . 4 Catastrophic 1 | . 1 . . Database Lockouts . | . . . . Manual . | . . . . Terminals 8 | . 4 . 4 Fabricators . | . . . . Repair Stations . | . . . . Recycling Units 3 | . . . 3 Scanalyzers . | . . . . Garrison Access . | . . . . Terminal Hacks . | . . . . Fabricator Hacks . | . . . . Repair Station Hacks . | . . . . Recycling Unit Hacks 3 | . . . 3 Recycle Component 2 | . . . 2 Process 1 | . . . 1 Scanalyzer . | . . . . Garrison Access Hacks . | . . . . Unauthorized Hacks . | . . . . Terminals . | . . . . Fabricators . | . . . . Repair Stations . | . . . . Recycling Units . | . . . . Scanalyzers . | . . . . Garrison Access . | . . . . Data Cores Recovered . | . . . . Used . | . . . . Hacking Detections 3 | . 1 . 2 Full Trace Events 3 | . 1 . 2 Feedback Events . | . . . . Feedback Blocked . | . . . . Robot Schematics Acquired . | . . . . Robots Built . | . . . . Authchips . | . . . . Time . | . . . . Total Robot Build Rating . | . . . . Part Schematics Acquired . | . . . . Parts Built . | . . . . Authchips . | . . . . Time . | . . . . Total Part Build Rating . | . . . . Parts Repaired . | . . . . Time . | . . . . Parts Recycled 2 | . . . 2 Recycled Matter 201 | . . . 201 Retrieved Matter . | . . . . Retrieved Components . | . . . . Parts Scanalyzed . | . . . . Part Schematics Acquired . | . . . . Parts Damaged . | . . . . Bothacking | -11 -10 -10 -9 ------------ Run | Yrd Mat Min Mat Used RIF Installer . | . . . . Robots Hacked . | . . . . Non-combat . | . . . . Combat . | . . . . Robot Hacks Applied . | . . . . Relay Couplers Released . | . . . . Fabnet Peak Effective % . | . . . . Robots Rewired . | . . . . Allies Hacked . | . . . . Hacks Repelled . | . . . . Allies | -11 -10 -10 -9 -------- Run | Yrd Mat Min Mat Total Allies . | . . . . Largest Group . | . . . . Highest-Rated Group . | . . . . Highest-Rated Ally . | . . . . Total Orders . | . . . . Ally Attacks . | . . . . Total Damage . | . . . . Kills . | . . . . Allies Corrupted . | . . . . Allies Melted . | . . . . Intel | -11 -10 -10 -9 ------- Run | Yrd Mat Min Mat Robot Analysis Total . | . . . . Derelict Logs Recovered 1 | . . 1 . Drone Launches . | . . . . Drone Recoveries . | . . . . Exploration | -11 -10 -10 -9 ------------- Run | Yrd Mat Min Mat Turns Passed 796 | 101 283 22 390 Spaces Moved 678 | 86 329 60 203 Core 52 | 24 . . 28 Treads 119 | . . . 119 Legs 139 | 62 77 . . Wheels 17 | . . . 17 Hover 66 | . 66 . . Flight 285 | . 186 60 39 Fastest Speed 37 | 50 37 37 37 Average Speed 79 | 100 60 37 115 Slowest Speed 250 | 120 120 37 250 Overloaded Moves . | . . . . Propulsion Burnouts . | . . . . Robots Hopped 3 | . 3 . . Cave-ins Triggered . | . . . . Exploration Rate (%) 17 | 6 34 11 20 Regions Visited 3 Branch Regions 1 Pre-discovered Areas 1 | . . 1 . Known Exits Taken . | . . . . Unknown Exits Taken 3 | 1 1 1 . Scrap Searched . | . . . . Spaces Dug . | . . . . Terrain Destroyed . | . . . . Melee . | . . . . Projectile . | . . . . AOE . | . . . . Terrain Rammed . | . . . . Walls Destroyed . | . . . . Machines Disabled . | . . . . Actions | -11 -10 -10 -9 --------- Run | Yrd Mat Min Mat Total 820 | 99 375 59 287 Wait 6 | . 6 . . Move 669 | 85 322 59 203 Hop 3 | . 3 . . Pick Up 34 | 8 10 . 16 Fast Attach . | . . . . Attach 28 | 5 8 . 15 Detach 2 | . . . 2 Swap 1 | . 1 . . Drop 12 | . 5 . 7 Fire 64 | 1 20 . 43 Melee . | . . . . Ram . | . . . . Kick . | . . . . Crush . | . . . . Escape Stasis . | . . . . Rewire 1 | . . . 1 Trap . | . . . . Miscellaneous . | . . . . Route ------- -11/Scrapyard -10/Materials -10/Mines -9/Materials History --------- Turn | Location | Event 2 | -11/Scrapyard | Met Revision 17 82 | -11/Scrapyard | Discovered new exit (range 8) 102 | -11/Scrapyard | Entered Materials 378 | -10/Materials | Discovered new exit (range 11) 385 | -10/Materials | Entered Mines 388 | -10/Mines | Discovered new exit (range 5) 407 | -10/Mines | Entered Materials 407 | -9/Materials | Evolved 2 slots: Power x1, Propulsion x1 470 | -9/Materials | Core integrity fell below 50% 498 | -9/Materials | Lost 7 parts (1p2n1u3w) 759 | -9/Materials | Core integrity fell below 20% 797 | -9/Materials | Destroyed by G-34 Mercenary with Small Laser Last Messages --------------- 00757_ U-05 Engineer builds a Door. 00758_ K-01 Serf collects debris. 00762_ Lgt. Ion Engine destroyed. 00762_ K-01 Serf collects debris. 00763_ Lgt. Treads destroyed. 00766_ U-05 Engineer builds a Door. 00770_ Sensor Array destroyed. 00776_ U-05 Engineer destroyed. 00778_ Lgt. Treads destroyed. 00778_ Beam Cannon destroyed. 00784_ Connecting with Terminal... 00784_ ALERT: Suspicious activity at Terminal M006. Dispatching Investigation squad. Disabling or destroying stationary machines or terrain requires that a single hit meet or exceed the object's Armor value. Inspect machines by right-clicking on them, and walls via Ctrl-RMB (or as any other object in keyboard mode). Hovering the cursor over an object also shows its Armor in the Scan window. Map ----- +----------------------------------------------------+ | ?????????????????????????????????????????????????? | | ?????????????????????????????????????????????????? | | ?????????????????????????????????????????????????? | | ?????????????????????????????????????????????????? | | ?????????????????????????????????????????????????? | | ?????????????????????????????????????????????????? | | ?????????????????????????????????????????????????? | | ?????????????????????????????????????????????????? | | ?????????????????????????????????????????????????? | | ?????????????????????????????????????????????????? | | ?????????????????????????????????????????????????? | | ??????????????????????????????? ???????????????? | | ??????????????????????????????? #??????????????? | | ??????????????????????????????? #??????????????? | | ??????????????????????????????? #??????????????? | | ??????????????????????????????? #??????????????? | | ??????????????????????????????? T??????????????? | | ??????????????????????????????? #??????????????? | | ??????????????????????????????# #??????????????? | | ??????????????????????????????# #??????????????? | | ??????????????????????????????# #??????????????? | | ??????????????????????????????# #??????????????? | | ???????????????????????######## #??????????????? | | ???????????????????????# # #??????????????? | | ???????????????????????#"g""" # #??????????????? | | ???????????????????????#T@""" /t +??????????????? | | ???????????????????????#" """ #Y #??????????????? | | ???????????????????????# """ # #??????????????? | | ???????????????????????# g # #??????????????? | | ???????????????????????######## %#??????????????? | | ??????????????????????????????# #??????????????? | | ??????????????????????????????# #?????#????????? | | ???????????????????############ #???? #????????? | | ???????????????? ^ ^ #??##/###??????? | | ???????????????? ^ #?? ???????? | | ???????????????? ^ ^ #? """ ???????? | | ?????????????????####### ^^""" #? """ ##????? | | ???????????????????##! ^""" !|=# """ #????? | | ???????????????????# ! """ !%*# #?????? | | ???????????????????#! % =!+ #?????? | | ???????????????????#! # "T" #?????? | | ???????????????????#! # """ #?????? | | ???????????????????##! #? ??????? | | ????????????????????####*% #####+#########???????? | | ???????????????????????# #? ?????????????? | | ???????????????????????# % #? """ ?????????????? | | ???????????????????????# %## """ ????????????? | | ???????????????????????# / """ ????????????? | | ???????????????????????# ## #???????????? | | ???????????????????????# #? """ #???????????? | +----------------------------------------------------+ Best States ------------- Heat Dissipation 38 Energy Generation 17 Energy Capacity 290 Matter Stores 300 Matter Capacity 300 Sight Range 16 Robot Scan Range 14 Terrain Scan Density 10 Armor Coverage 150 Evasion (%) 62 Recoil Reduction 2 Item Schematics ----------------- None Robot Schematics ------------------ None Fabricated ------------ Nothing Alien Tech Used ----------------- None Achievements -------------- Universal Adapter Challenges ------------ None Game ------ Seed LightningActiveBroadsword Manual? 0 Play Time 00:15:12 Cumulative 1.8 hours Start 2024.06.02 @ 21:47:46 End 2024.06.02 @ 22:01:38 Sessions 1 Manual Loads 0 Difficulty Rogue Special Mode None Game No. 2 Rogue 2 Adventurer 0 Explorer 0 Win Type - Total 0 Types 0/0/0/0/0/0/0/0/0 Lore% 9 Gallery% 4 Achievement% 5 Wizard Run 0 Options --------- Layout 1 ASCII 0 Keyboard 0 Movement Vi Keybinds 0 Fullscreen 1 Font 16/SmallcapsGlow Map View 55x38 Zoom Use 0% Tactical HUD 1 Map Filters NONE Filters NONE Steam 1 RUN: 1114587f-bae2-4662-990c-4632cbedd7d1